Map: Automaton LE

Players

dark - Winner!

  • Race: Zerg Zerg
  • Spawn Location: 3:00

Stats

  • Race: Protoss Protoss
  • Spawn Location: 9:00

Event: IEM Season 13: Katowice (2019)

VOD

https://youtu.be/gxljNJ2Cz00?t=1352

Description

Time

  • Played on: March 3, 2019, 5:27 a.m.
  • Length: 8:32

All games in this series

Show
View Real Time Build Order
Export as new Build Order

dark Zerg - Winner!

Build Orders: Hatch First 

Get SALT Encoding   

  12  0:00  Drone  
  13  0:13  Overlord  
  13  0:18  Drone  
  14  0:31  Drone x2  
  16  0:35  Drone  
  17  0:53  Hatchery  
  17  0:56  Drone  
  17  1:01  Drone  
  18  1:10  Extractor  
  17  1:15  Spawning Pool  
  17  1:17  Drone  
  17  1:19  Drone  
  18  1:29  Drone  
  19  1:39  Drone  
  20  1:47  Hatchery  
  19  1:55  Drone  
  20  2:04  Drone  
  20  2:06  Queen  
  23  2:11  Drone  
  24  2:18  Queen  
  26  2:24  Overlord  
  26  2:28  Drone  
  27  2:30  Drone  
  28  2:42  Drone  
  28  2:43  Metabolic Boost, Drone x2  
  31  2:46  Zergling x2  
  32  2:54  Queen  
  32  2:57  Drone x2  
  36  3:02  Queen  
  38  3:06  Drone  
  39  3:14  Drone x2  
  39  3:19  Drone  
  42  3:21  Overlord  
  42  3:22  Overlord  
  42  3:33  Overlord  
  42  3:40  Lair, Drone x2  
  42  3:41  Drone x3  
  45  3:42  Drone  
  45  3:44  Drone x2  
  50  3:52  Spore Crawler  
  50  3:53  Spore Crawler  
  50  3:54  Overlord  
  48  3:57  Drone x2  
  48  4:01  Drone x2  
  52  4:04  Extractor  
  52  4:05  Overlord  
  51  4:13  Zergling x4  
  51  4:14  Zergling x2, Drone x3  
  51  4:16  Drone  
  58  4:26  Overlord, Drone  
  58  4:27  Drone x2  
  58  4:31  Drone x3  
  63  4:35  Drone x2  
  65  4:40  Hydralisk Den  
  65  4:41  Extractor  
  65  4:42  Extractor, Drone x3  
  65  4:43  Extractor, Drone  
  65  4:45  Drone x2  
  67  4:49  Drone x2  
  69  4:53  Drone x3  
  69  4:54  Drone  
  73  5:04  Overlord  
  73  5:08  Drone  
  73  5:11  Muscular Augments  
  73  5:13  Overlord x2  
  74  5:21  Overlord  
  74  5:23  Hydralisk x4  
  74  5:25  Hatchery  
  80  5:33  Hydralisk x4  
  88  5:37  Hydralisk  
  88  5:38  Evolution Chamber  
  90  5:44  Baneling Nest  
  90  5:45  Hydralisk  
  90  5:48  Hydralisk  
  93  5:51  Zergling x16  
  93  5:53  Hydralisk  
  103  5:57  Spore Crawler  
  103  5:59  Spore Crawler  
  103  6:01  Spore Crawler  
  100  6:04  Drone  
  100  6:05  Drone  
  100  6:06  Spore Crawler  
  100  6:10  Hydralisk x2  
  105  6:15  Overlord x2  
  105  6:22  Grooved Spines  
  105  6:25  Overlord x2  
  105  6:31  Overlord x2  
  103  6:47  Drone x3  
  103  6:48  Drone x2  
  103  6:50  Hydralisk x6  
  103  6:52  Hydralisk  
  122  6:56  Hydralisk x2  
  122  6:59  Overlord  
  126  7:08  Overlord x2  
  126  7:09  Overlord  
  126  7:18  Zergling x14  
  126  7:21  Baneling x7  
  126  7:22  Baneling x6  
  133  7:23  Baneling x2  
  133  7:24  Baneling x2  
  133  7:25  Baneling  
  133  7:26  Baneling  
  133  7:27  Baneling x2  
  133  7:29  Zergling x4  
  135  7:30  Zergling x2  
  135  7:34  Zergling x2  
  135  7:35  Zergling x2  
  138  7:37  Zergling x4  
  138  7:41  Zergling x4  
  138  7:43  Zergling x6  
  142  7:58  Baneling x5  
  142  8:00  Zergling x18  
  146  8:13  Zergling x12  
Show
View Real Time Build Order
Export as new Build Order

Stats Protoss 

Build Orders: 1 Gate Expand, Oracle Opening, Phoenix Opening, Mass Phoenix 

Get SALT Encoding   

  12  0:00  Probe  
  13  0:12  Probe  
  14  0:19  Pylon  
  14  0:24  Probe  
  15  0:33  Probe  
  15  0:41  Probe  
  16  0:43  Gateway  
  16  0:46  Assimilator  
  17  0:51  Probe  
  18  1:03  Probe  
  19  1:15  Probe  
  20  1:24  Nexus  
  20  1:34  Cybernetics Core  
  20  1:37  Probe  
  21  1:43  Assimilator  
  21  1:49  Probe  
  21  1:53  Pylon  
  22  2:00  Probe  
  23  2:08  Probe  
  23  2:11  Adept  
  26  2:17  Probe  
  26  2:18  Stargate  
  27  2:26  Probe  
  27  2:28  Warp Gate  
  28  2:32  Probe  
  28  2:34  Probe  
  29  2:40  Probe  
  29  2:41  Stalker  
  29  2:43  Probe  
  32  2:50  Probe  
  34  2:55  Probe  
  34  2:56  Phoenix  
  36  3:02  Probe  
  39  3:07  Probe  
  40  3:12  Pylon  
  40  3:14  Probe  
  40  3:19  Probe  
  42  3:21  Oracle  
  42  3:26  Assimilator  
  42  3:27  Probe  
  46  3:31  Probe  
  46  3:33  Gateway  
  47  3:37  Assimilator  
  47  3:42  Probe  
  47  3:43  Probe  
  49  3:50  Stargate  
  49  3:54  Pylon, Probe  
  51  3:55  Probe  
  51  4:04  Pylon, Phoenix  
  51  4:06  Probe  
  54  4:12  Probe  
  54  4:15  Pylon  
  55  4:17  Protoss Air Weapons Level 1  
  55  4:18  Probe  
  55  4:23  Phoenix  
  56  4:26  Phoenix  
  60  4:39  Zealot  
  60  4:40  Zealot  
  60  4:43  Pylon  
  64  4:46  Phoenix  
  64  4:49  Phoenix  
  68  5:04  Phoenix  
  68  5:05  Probe x2, Phoenix  
  73  5:18  Nexus  
  73  5:20  Pylon  
  73  5:23  Pylon  
  73  5:29  Probe x2  
  73  5:30  Phoenix  
  73  5:31  Phoenix  
  78  5:55  Phoenix  
  78  5:56  Phoenix  
  82  6:00  Probe x2, Robotics Facility  
  82  6:01  Forge  
  84  6:05  Robotics Facility  
  84  6:13  Probe x2  
  84  6:16  Pylon  
  84  6:17  Protoss Ground Weapons Level 1  
  86  6:32  Probe x2  
  86  6:33  Sentry, Probe  
  86  6:34  Sentry  
  91  6:43  Immortal x2  
  87  6:50  Probe x2  
  87  6:51  Probe  
  87  6:53  Shield Battery  
  96  6:57  Shield Battery  
  96  6:59  Shield Battery  
  96  7:02  Gateway  
  96  7:03  Gateway, Shield Battery  
  96  7:06  Sentry  
  96  7:07  Zealot  
  100  7:13  Probe x3  
  103  7:16  Immortal  
  103  7:18  Photon Cannon  
  103  7:20  Immortal  
  103  7:22  Photon Cannon  
  107  7:36  Pylon  
  111  7:38  Sentry x2  
  111  7:41  Assimilator x2  
  115  7:44  Pylon  
  105  8:07  Zealot x3  
  92  8:28  Zealot x2  

Tags
 
Add a new tag
Caveats
  • Supply blocks, unpowered buildings, or Contaminate may cause inaccurate times.
  • Supply counts are checked every 10 seconds.